 Dungeon Crawl Stone Soup version 0.16.1-25-gbcee3f8 (webtiles) character file.

19 linquant the Magician (level 2, 4/20 HPs)
             Began as a Draconian Wizard on May 17, 2015.
             Quit the game on level 1 of the Dungeon.
             The game lasted 00:05:35 (521 turns).

linquant the Magician (Draconian Wizard)             Turns: 521, Time: 00:05:36

Health: 4/20       AC:  2    Str:  9    XL:     2   Next: 55%
Magic:  4/6        EV: 12    Int: 18    God:
Gold:   11         SH:  0    Dex:  9    Spells: 3 memorised, 3 levels left

rFire  . . .     SeeInvis .     a - +0 club
rCold  . . .     Clarity  .     (armour unavailable)
rNeg   . . .     SustAb   .     (no shield)
rPois  .         Gourm    .     b - +0 hat
rElec  .         Spirit   .     (no cloak)
rCorr  .         Warding  .     (no gloves)
rMut   .         Stasis   .     (no boots)
MR     .....                    (no amulet)
Stlth  +.........               (no ring)
                                e - -2 ring of protection (curse)

@: very slightly contaminated, repel missiles, not resistant to hostile
enchantments, very unstealthy
A: unfitting armour, cold-blooded, AC +4
a: no special abilities


You were on level 1 of the Dungeon.
You were not hungry.

You visited 1 branch of the dungeon, and saw 1 of its levels.

You collected 11 gold pieces.

Inventory:

Hand weapons
 a - a +0 club (weapon)
Armour
 b - a +0 hat (worn)
Jewellery
 e - a cursed -2 ring of protection (left hand)
Potions
 f - 2 potions of curing
Books
 c - a book of Minor Magic

   Spells                             Type                      Level
   a - Magic Dart                     Conjuration                  1
   b - Blink                          Translocation                2
   c - Call Imp                       Summoning                    2
   d - Repel Missiles                 Charms/Air                   2
   e - Slow                           Hexes                        2
   f - Conjure Flame                  Conjuration/Fire             3
   g - Mephitic Cloud                 Conjuration/Poison/Air       3
Comestibles
 d - a bread ration


   Skills:
 + Level 2.0 Dodging
 + Level 1.8 Stealth
 + Level 0.4 Unarmed Combat
 + Level 3.5 Spellcasting
 + Level 1.0 Conjurations
   Level 1.0 Summonings
   Level 1.0 Translocations


You had 3 spell levels left.
You knew the following spells:

 Your Spells              Type           Power        Failure   Level  Hunger
a - Magic Dart            Conj           #...         12%         1    None
b - Repel Missiles        Chrm/Air       #.....       28%         2    ##.....
c - Slow                  Hex            #.......     28%         2    ##.....


Dungeon Overview and Level Annotations

Branches:
Dungeon (1/15)

Altars:


Innate Abilities, Weirdness & Mutations

Your plain brown scales are hard (AC +4).
Your body does not fit into most forms of armour.
Your cold-blooded metabolism reacts poorly to cold.


Message History

You see here a giant cockroach corpse.
The bat barely misses you. The jackal bites you.
A jackal comes into view.
The jackal barks!
You hit the jackal. You tail-slap the jackal.
The jackal is heavily wounded.
The bat barely misses you. The jackal bites you.
* * * LOW HITPOINT WARNING * * *
The jackal moves out of view.
The jackal bites you.
* * * LOW HITPOINT WARNING * * *
Save game and exit?
Okay, then.
Quiver which item? (- for none, * to show all) (? for menu, Esc to quit)
Okay, then.
Drink which item? (? for menu, Esc to quit)
Okay, then.
Save game and exit?
Okay, then.
Unknown command.
Are you sure you want to abandon this character and quit the game? (Confirm with "yes".)

..#.....................
..+......................
..#......................
................#####....
#..................#
...................#
..........######...#
.........(....b.†..#
................@h.#
...................#
...................h..
...................#....
...........##....###....
...........##..... ##
...#....... #.....
.......#... #.....
#......#.. ...


You could see 2 jackals and a bat.

Vanquished Creatures
  A bat (D:1)
  2 goblins (D:1)
  5 hobgoblins (D:1)
  A kobold (D:1)
  5 giant cockroaches (D:1)
  A rat (D:1)
15 creatures vanquished.

Notes
Turn   | Place    | Note
--------------------------------------------------------------
     0 | D:1      | linquant, the Draconian Wizard, began the quest for the Orb.
     0 | D:1      | Reached XP level 1. HP: 14/14 MP: 4/4
     6 | D:1      | Noticed a hog
     6 | D:1      | Noticed a wyvern
     6 | D:1      | Noticed a killer bee
     7 | D:1      | Noticed a salamander
     7 | D:1      | Noticed a black bear
   201 | D:1      | Reached XP level 2. HP: 5/20 MP: 1/6
   452 | D:1      | Learned a level 2 spell: Repel Missiles
   455 | D:1      | Learned a level 2 spell: Slow
   521 | D:1      | Quit the game

Action                   || total
-------------------------++-------
Melee: Unarmed           ||    12
       Club              ||    30
 Cast: Magic Dart        ||    16
       Repel Missiles    ||     1
  Use: Scroll            ||     1
